 Dungeon Crawl Stone Soup version 0.19.0-19-g8c6edcc (webtiles) character file.

191 Peloso the Skirmisher (level 5, -1/46 HPs)
             Began as a Ghoul Fighter on Nov 12, 2016.
             Slain by a gnoll
             ... wielding a cursed +0 spear
              (4 damage)
             ... on level 2 of the Dungeon.
             The game lasted 00:09:34 (2532 turns).

Peloso the Skirmisher (Ghoul Fighter)               Turns: 2532, Time: 00:09:35

Health: -1/46      AC:  8    Str: 20    XL:     5   Next: 70%
Magic:  4/4        EV:  7    Int:  3    God:
Gold:   171        SH:  9    Dex:  9    Spells: 0 memorised, 4 levels left

rFire  + . .     SeeInvis .     a - +0 long sword
rCold  . . .     Gourm    .     b - +0 scale mail
rNeg   + + +     Faith    .     c - +0 shield
rPois  ∞         Spirit   .     (no helmet)
rElec  .         Reflect  .     (no cloak)
rCorr  .         Harm     .     s - +0 pair of gloves
MR     .....                    (no boots)
Stlth  ..........               (no amulet)
                                t - ring of fire
                                (no ring)

@: rotting
A: rotting body, claws 1, carnivore 3, cold resistance 1, negative energy
resistance 3, slow regeneration 1, torment resistance, unbreathing
a: no special abilities


You were on level 2 of the Dungeon.
You were not hungry.

You visited 1 branch of the dungeon, and saw 3 of its levels.

You collected 171 gold pieces.

Inventory:

Hand Weapons
 a - a +0 long sword (weapon)
 o - a +1 mace of protection
Armour
 b - a +0 scale mail (worn)
 c - a +0 shield (worn)
 s - a +0 pair of gloves (worn)
Jewellery
 r - an uncursed ring of ice
 t - a ring of fire (right hand)
Scrolls
 e - a scroll of magic mapping {unknown}
 l - 3 scrolls of teleportation
 p - 2 scrolls of remove curse
Potions
 d - a potion of might
 g - 3 potions of curing
 h - a potion of invisibility {unknown}
 i - a potion of heal wounds {unknown}
 j - a potion of degeneration {unknown}
 k - a potion of beneficial mutation {unknown}
 n - a potion of lignification {unknown}
Comestibles
 f - 2 meat rations
 m - a chunk of flesh


   Skills:
 + Level 4.0 Fighting
 + Level 3.5 Long Blades
 + Level 3.2 Armour
 + Level 1.0 Dodging
 + Level 3.6 Shields


You had 4 spell levels left.
You didn't know any spells.

Dungeon Overview and Level Annotations

Branches:
Dungeon (3/15)

Altars:
Hepliaklqana
Kikubaaqudgha
Makhleb
Nemelex Xobeh


Innate Abilities, Weirdness & Mutations

Your body is rotting away.
You thrive on raw meat.
You are immune to poison.
You have sharp fingernails.
You are carnivorous and can eat meat at any time.
Your flesh is cold resistant. (rC+)
You are immune to negative energy. (rN+++)
You regenerate slowly when monsters are visible.
You are immune to unholy pain and torment.
You can survive without breathing.


Message History

The gnoll hits you but does no damage. The gnoll barely misses you.
You riposte.
You closely miss the gnoll.
Things that are here:
a spear; a gnoll corpse You hit the gnoll.
The gnoll is moderately wounded.
The gnoll hits you with a spear. The gnoll hits you with a spear!
* * * LOW HITPOINT WARNING * * *
You barely miss the gnoll.
The gnoll is moderately wounded.
The gnoll hits you with a spear.
* * * LOW HITPOINT WARNING * * *
Your shield prevents you from hitting the gnoll.
The gnoll is moderately wounded.
The gnoll hits you with a spear.
* * * LOW HITPOINT WARNING * * *
You barely miss the gnoll.
The gnoll is moderately wounded.
You block the gnoll's attack. The gnoll hits you with a spear.
You die...

............#..#..........##...#.
....##.##.#.#.............###.#..
..................######### #....
######......#.>...###########..#.
######.#.............#...#..
#......#..........)..#......
#.####.#.###......)>.#......
#.#....#.###.........#.####.
#.#.####..†@g......(.#.# #.
######.#.# ######.........#.# ##
.......#.# #......###...(.#.#
.......#.# #.....##.##..(.#.#
##....##.# #....##^..##...#.# ###
##....##.# #...##.._.^##(.#.# #..
##....##.###..##..^....##...# #.<
##..÷.##.##..##.^..^....##..# #..
(........##..#...#####..^#..# #..


You could see a gnoll.

Vanquished Creatures
  7 gnolls
  3 adders
  3 worms
  5 orcs (D:3)
  3 giant cockroaches (D:1)
  15 goblins
  8 hobgoblins
  11 jackals
  2 ball pythons
  5 bats
  7 frilled lizards
  7 kobolds
  4 rats
80 creatures vanquished.

Notes
Turn   | Place    | Note
-------+----------+-------------------------------------------
     0 | D:1      | Peloso the Ghoul Fighter began the quest for the Orb.
     0 | D:1      | Reached XP level 1. HP: 19/19 MP: 0/0
   145 | D:1      | Reached XP level 2. HP: 9/26 MP: 1/1
   269 | D:1      | Reached XP level 3. HP: 30/31 MP: 2/2
   756 | D:2      | Found a hazy altar of Hepliaklqana.
   894 | D:1      | Reached XP level 4. HP: 26/40 MP: 3/3
  1102 | D:2      | Found a sparkling altar of Nemelex Xobeh.
  1527 | D:2      | Reached XP level 5. HP: 43/44 MP: 4/4
  1827 | D:3      | Found an ancient bone altar of Kikubaaqudgha.
  2062 | D:3      | Found a burning altar of Makhleb.
  2252 | D:3      | Reached skill level 1 in Dodging
  2527 | D:2      | Reached skill level 4 in Fighting
  2532 | D:2      | Slain by a gnoll

Skill      XL: |  1  2  3  4  5 |
---------------+----------------+-----
Long Blades    | 2 3 |  3.5
Shields        | 3 |  3.6
Armour         | 3 |  3.2
Dodging        | 1 |  1.0
Fighting       | 4 |  4.0

Action                   |  1- 3 |  4- 6 || total
-------------------------+-------+-------++-------
Melee: Long sword        |   121 |   176 ||   297
  Use: Scroll            |       |     5 ||     5
  Eat: Chunk             |     4 |    16 ||    20
Armor: Scale mail        |    74 |    68 ||   142
Dodge: Dodged            |    52 |    59 ||   111
Block: Shield            |    72 |    98 ||   170
       Rpst.: Long sword |    13 |    20 ||    33
